 Dungeon Sprint DCSS version 0.18-a0-1314-g2549be2 (webtiles) character file.

58 Iskender the Cudgeler (level 4, -15/28 HPs)
             Began as a Gargoyle Skald on Feb 15, 2016.
             Demolished by a water elemental (17 damage)
             ... in the Dungeon (Sprint III: "The Ten Rune Challenge").
             The game lasted 00:04:31 (621 turns).

Iskender the Cudgeler (Gargoyle Skald)               Turns: 621, Time: 00:04:31

Health: -15/28     AC:  6    Str: 16    XL:     4   Next: 1%
Magic:  7/7        EV: 13    Int: 12    God:
Gold:   13         SH:  0    Dex: 10    Spells: 3 memorised, 2 levels left

rFire  . . .     SeeInvis .     a - +0 mace
rCold  . . .     Gourm    .     b - +0 leather armour
rNeg   + . .     Faith    .     (no shield)
rPois  ∞         Spirit   .     (no helmet)
rElec  +         Dismiss  .     (no cloak)
rCorr  .         Reflect  .     (no gloves)
SustAt .         Harm     .     (no boots)
MR     +....     NoTele   +     (no amulet)
Stlth  +.........               (no ring)
                                (no ring)

@: very slightly contaminated, hasted, very quick, somewhat resistant to hostile
enchantments, very unstealthy
A: repulsion field 1, magic resistance 1, negative energy resistance 1, robust
1, electricity resistance, unbreathing, petrification resistance, rot immunity,
subdued magic 1, AC +3
a: no special abilities


You were in the Dungeon.
You were hungry.

You visited 1 branch You collected 13 gold pieces.

Inventory:

Hand Weapons
 a - a +0 mace (weapon)
Armour
 b - a +0 leather armour (worn)
Scrolls
 i - 2 scrolls of immolation
 j - 2 scrolls of blinking
 k - a scroll of identify
 l - 3 scrolls of remove curse
Potions
 h - 2 potions of magic
 n - 3 potions of cure mutation
 o - 3 potions of flight
Books
 c - a book of Battle

   Spells                             Type                      Level
   a - Infusion                       Charms                       1
   b - Shroud of Golubria             Charms/Translocation         2
   c - Song of Slaying                Charms                       2
   d - Spectral Weapon                Hexes/Charms                 3
   e - Regeneration                   Charms/Necromancy            3
Comestibles
 d - a bread ration
 m - a meat ration
 p - 2 fruits


   Skills:
 - Level 2.1 Fighting
 + Level 6.9 Maces & Flails
 - Level 1.1 Armour
 - Level 0.7 Dodging
 - Level 2.0 Spellcasting
 - Level 2.6 Charms
 - Level 2.7 Translocations


You had 2 spell levels left.
You knew the following spells:

 Your Spells              Type           Power        Failure   Level  Hunger
g - Shroud of Golubria    Chrm/Tloc      #.........   9%          2    ###....
X - Song of Slaying       Chrm           #.......     9%          2    ###....
Z - Infusion              Chrm           #...         5%          1    ##.....


Dungeon Overview and Level Annotations

Branches:
Dungeon (1/1)

Altars:


Innate Abilities, Weirdness & Mutations

You are resistant to torment.
Your stone body is resilient (AC +3).
You are immune to poison.
You resist negative energy.
You are resistant to electric shocks.
You can survive without breathing.
You are immune to petrification.
You are immune to rotting.
You are surrounded by a mild repulsion field (EV +2).
You are resistant to hostile enchantments.
You are robust (+10% HP).
Your spells are a little easier to cast, but a little less powerful.


Message History

You hit the water elemental but do no damage.
The water elemental is severely damaged.
The water elemental misses you.
You closely miss the water elemental.
The water elemental is severely damaged.
The water elemental hits you.
The water elemental engulfs you in water!
With effort, you pull free of the water engulfing you.
The water engulfing you falls away.
You are feeling hungry.
You hit the water elemental.
The water elemental is severely damaged.
You hit the water elemental.
The water elemental is severely damaged.
The water elemental barely misses you.
You hit the water elemental.
The water elemental is almost destroyed.
The water elemental hits you!
Ouch! That really hurt!
You die...

▓▓▓▓▓▓▓▓▓ ▓▓▓
▓<..#)..#### ##.#
▓...#......#####..#
▓..##..E....#..#..#
▓##.##@##...#..#..# #+#
##.##.###..##'#..#....
▓#.####.##..###...'.⌠..
▓.###..##..####...#...#
▓#...).##..###....# ⌠.#
###..##...##.....# .#
##..##....#......# #
#..###..##.#.....# #..#
#..#####....#


You could see a water elemental.

Vanquished Creatures
  Jessica (D)
  A human (D)
  2 oozes (D)
  A phantom (D)
  A rat (D)
6 creatures vanquished.

Vanquished Creatures (others)
  2 draconian scorchers (D)
  A yaktaur (D)
  2 fire drakes (D)
  4 plants (D)
9 creatures vanquished.

Grand Total: 15 creatures vanquished

Notes
Turn   | Place    | Note
--------------------------------------------------------------
     0 | D        | Iskender the Gargoyle Skald began the quest for the Orb.
     0 | D        | Reached XP level 1. HP: 12/12 MP: 3/3
    17 | D        | Reached skill level 3 in Maces & Flails
    26 | D        | Reached skill level 4 in Maces & Flails
    26 | D        | Reached XP level 2. HP: 11/17 MP: 5/5
    66 | D        | Killed a yaktaur
   150 | D        | Learned a level 2 spell: Shroud of Golubria
   152 | D        | Noticed Jessica
   166 | D        | Killed Jessica
   166 | D        | Reached skill level 5 in Maces & Flails
   166 | D        | Reached XP level 3. HP: 13/21 MP: 6/6
   180 | D        | Killed a white draconian scorcher
   206 | D        | Learned a level 2 spell: Song of Slaying
   302 | D        | Killed a white draconian scorcher
   366 | D        | Killed a fire drake
   374 | D        | Reached skill level 6 in Maces & Flails
   477 | D        | Killed a fire drake
   515 | D        | Reached XP level 4. HP: 26/26 MP: 5/7
   578 | D        | Gained mutation: Your spells are a little easier to cast, but a little less powerful. [potion of mutation]
   578 | D        | Lost mutation: Your spells are a little easier to cast, but a little less powerful. [potion of mutation]
   578 | D        | Gained mutation: Your spells are a little easier to cast, but a little less powerful. [potion of mutation]
   580 | D        | Gained mutation: You are robust (+10% HP). [potion of mutation]
   580 | D        | Gained mutation: You are resistant to hostile enchantments. [potion of mutation]
   580 | D        | Gained mutation: You are surrounded by a mild repulsion field (EV +2). [potion of mutation]
   583 | D        | Noticed a water elemental
   609 | D        | HP: 1/28 [water elemental (4)]
   621 | D        | Demolished by a water elemental

Vault maps used:
D:        dungeon_sprint_mu

Action                   |  1- 3 |  4- 6 || total
-------------------------+-------+-------++-------
Melee: Mace              |    45 |    16 ||    61
 Cast: Shroud of Golubri |     3 |     2 ||     5
  Use: Potion            |     2 |     4 ||     6
       Scroll            |       |     2 ||     2
